 Dungeon Crawl Stone Soup version 0.20.1-1-g8b1a95d (webtiles) character file.

3099 Salad the Fighter (level 9, 0/151 HPs)
             Began as an Ogre Berserker on July 12, 2017.
             Was an Elder of Trog.
             Slain by a scorpion (6 damage)
             ... on level 8 of the Dungeon.
             The game lasted 00:15:21 (7610 turns).

Salad the Fighter (Ogre Berserker)                  Turns: 7610, Time: 00:15:22

Health: 0/151      AC:  4    Str: 28    XL:     9   Next: 90%
Magic:  9/9        EV: 15    Int:  8    God:    Trog [****..]
Gold:   234        SH:  0    Dex: 14    Spells: 8/8 levels left

rFire    . . .     SeeInvis .   v - +0 morningstar
rCold    . . .     Gourm    .   (no shield)
rNeg     . . .     Faith    .   b - +0 animal skin
rPois    .         Spirit   .   (helmet restricted)
rElec    .         Reflect  .   k - +0 cloak
rCorr    .         Harm     .   (gloves unavailable)
MR       .....                  (boots unavailable)
Stlth    ..........             (no amulet)
Regen    0.4/turn               h - +3 ring of dexterity
MPRegen  0.2/turn               (no ring)

@: berserking (expiring), drained, very quick
A: unfitting armour, tough skin 1
a: Berserk, Trog's Hand, Brothers in Arms, Burn Spellbooks, Renounce Religion


You were on level 8 of the Dungeon.
You worshipped Trog.
Trog was greatly pleased with you.
You were hungry.

You visited 1 branch of the dungeon, and saw 8 of its levels.
You also visited: Sewer.

You collected 324 gold pieces.
You spent 90 gold pieces at shops.

Inventory:

Hand Weapons
 v - a +0 morningstar (weapon)
Armour
 b - a +0 animal skin (worn)
 k - a +0 cloak (worn)
Jewellery
 h - a +3 ring of dexterity (left hand)
Wands
 n - a wand of iceblast (5/15)
 s - a wand of flame (21/48)
 y - a wand of confusion (12/48)
 A - a wand of random effects (25/48)
Scrolls
 g - a scroll of immolation
 i - 4 scrolls of remove curse
 o - 2 scrolls of recharging
 p - a scroll of random uselessness {unknown}
 t - 2 scrolls of teleportation
 u - a scroll of enchant weapon {unknown}
 B - a scroll of fog
Potions
 a - a potion of resistance
 d - a potion of agility {unknown}
 e - 2 potions of invisibility
 l - 3 potions of flight
 m - a potion of heal wounds
 r - a potion of might {unknown}
 w - 2 potions of magic {unknown}
 x - a potion of haste
 C - a potion of ambrosia {unknown}
Comestibles
 c - 5 bread rations
 f - 5 fruits
 j - a royal jelly
 z - a meat ration


   Skills:
 + Level 10.0(9.9) Fighting
 - Level 7.4(7.3) Maces & Flails
 - Level 8.5(8.4) Dodging
 - Level 0.2 Stealth


You had 8 spell levels left.
You didn't know any spells.

Dungeon Overview and Level Annotations

Branches:
Dungeon (8/15)             Temple (0/1) D:4
   Lair: D:8-11

Altars:

Shops:
D:7 [


Innate Abilities, Weirdness & Mutations

You are too large for most types of armour.
You have tough skin. (AC +1)


Message History

The bullfrog barely misses you. The bullfrog hits you!
* * * LOW HITPOINT WARNING * * *
You hit the crocodile.
The crocodile is heavily wounded.
The crocodile completely misses you. The bullfrog hits you.
* * * LOW HITPOINT WARNING * * *
You sock the crocodile!
You kill the crocodile!
Trog accepts your kill.
You can now call in reinforcements.
Your base Fighting skill increases to level 10!
The bullfrog hits you but does no damage.
You sock the scorpion!
The scorpion is severely wounded.
The bullfrog barely misses you. The scorpion barely misses you.
You closely miss the scorpion.
The scorpion is severely wounded.
The bullfrog hits you!
* * * LOW HITPOINT WARNING * * *
The scorpion stings you.
You die...

.......)......#
..............#.....#
.<............#.....#
..............#.....#
.##..##+##....##....#
. #..##.##....##....#
.............##...#
.............##...##
............@...#
##..###...##Fs..# #..
#+####....# ...
+.....# .. ##...##
##...## +.....#
#.....# ##....#


You could see a bullfrog and a scorpion.

Vanquished Creatures
  The ghost of empire the Covered, a novice MiFi (D:4)
  Joseph (D:7)
  A hippogriff (D:7)
  A yak (D:8)
  Duvessa (D:7)
  2 ice beasts
  A sky beast (D:5)
  An orc warrior (D:7)
  3 centaurs (D:7)
  A crocodile (D:8)
  The ghost of appiemonkey the Digger, an amateur GrEE (D:3)
  3 bullfrogs
  A big kobold (Sewer)
  Dowan (D:7)
  5 wights (D:7)
  A howler monkey (D:6)
  An orc priest (D:7)
  A jelly (D:7)
  2 bullfrog skeletons
  2 hounds
  5 orc wizards
  A centaur skeleton (D:7)
  3 iguanas
  3 worker ants
  A hound zombie (D:6)
  A hound skeleton (D:7)
  3 gnolls (D:6)
  6 adders
  A river rat (Sewer)
  A shadow imp (D:7)
  3 worms
  A dart slug (D:1)
  5 leopard geckos
  14 orcs
  7 giant cockroaches
  5 goblins
  9 hobgoblins
  4 jackals
  20 kobolds
  2 quokkas
  A ball python skeleton (D:4)
  10 bats
  3 frilled lizards
  A jackal skeleton (D:4)
  11 rats
152 creatures vanquished.

Notes
Turn   | Place    | Note
-------+----------+-------------------------------------------
     0 | D:1      | Salad the Ogre Berserker began the quest for the Orb.
     0 | D:1      | Reached XP level 1. HP: 24/24 MP: 1/1
   283 | D:1      | Reached XP level 2. HP: 32/33 MP: 2/2
   374 | D:1      | Reached skill level 5 in Fighting
   644 | D:1      | Reached XP level 3. HP: 29/42 MP: 3/3
   901 | D:1      | Reached ** piety under Trog
  1274 | D:2      | HP: 2/44 [worm (10)]
  1278 | D:2      | Reached skill level 6 in Fighting
  1287 | D:2      | Reached XP level 4. HP: 5/52 MP: 4/4
  1878 | D:2      | Reached skill level 7 in Fighting
  2048 | D:2      | Reached XP level 5. HP: 62/62 MP: 5/5
  2202 | D:3      | Noticed appiemonkey's ghost (amateur GrEE)
  2214 | D:3      | Killed appiemonkey's ghost
  2261 | D:3      | Reached XP level 6. HP: 32/71 MP: 6/6
  2275 | D:3      | Found a glowing drain.
  2289 | Sewer    | Entered a sewer
  2298 | Sewer    | Reached *** piety under Trog
  2698 | Sewer    | Found a white marble altar of Elyvilon.
  3141 | D:3      | Reached skill level 5 in Maces & Flails
  3908 | D:4      | Noticed empire's ghost (novice MiFi)
  3916 | D:4      | Killed empire's ghost
  3916 | D:4      | Reached XP level 7. HP: 78/78 MP: 7/7
  4001 | D:4      | Found a staircase to the Ecumenical Temple.
  4349 | D:5      | Entered Level 5 of the Dungeon
  4393 | D:5      | Reached XP level 8. HP: 21/87 MP: 8/8
  5402 | D:6      | Reached skill level 5 in Dodging
  5806 | D:7      | Noticed Joseph
  5820 | D:7      | Killed Joseph
  6103 | D:7      | Reached XP level 9. HP: 80/93 MP: 9/9
  6335 | D:7      | Noticed Duvessa
  6336 | D:7      | Noticed Dowan
  6343 | D:7      | Killed Duvessa
  6352 | D:7      | Killed Dowan
  6925 | D:7      | Reached **** piety under Trog
  7105 | D:7      | Found Wil Sago's Antique Armour Shoppe.
  7111 | D:7      | Bought a cloak for 90 gold pieces
  7222 | D:7      | Reached skill level 8 in Fighting
  7363 | D:7      | Reached skill level 9 in Fighting
  7608 | D:8      | Reached skill level 10 in Fighting
  7610 | D:8      | HP: 6/151 [bullfrog (8)]
  7610 | D:8      | Slain by a scorpion

Skill      XL: |  1  2  3  4  5  6  7  8  9 |
---------------+----------------------------+-----
Fighting       | 5 6 7 10 | 10.0
Maces & Flails | 4 6 7 |  7.4
Dodging        | 6 8 |  8.5
Stealth        | |  0.2

Action                   |  1- 3 |  4- 6 |  7- 9 || total
-------------------------+-------+-------+-------++-------
Melee: Mace              |   185 |   211 |    53 ||   449
       Morningstar       |       |       |   196 ||   196
Invok: Berserk           |     1 |     2 |     4 ||     7
       Trog's Hand       |     1 |     1 |     3 ||     5
       Burn Spellbooks   |       |       |     1 ||     1
  Use: Scroll            |       |     8 |     5 ||    13
       Potion            |       |     5 |     2 ||     7
 Stab: Sleeping          |       |     1 |     2 ||     3
  Eat: Chunk             |     2 |    10 |     7 ||    19
       Bread ration      |       |       |     1 ||     1
       Fruit             |       |       |     2 ||     2
       Meat ration       |       |       |     1 ||     1
Armor: Animal skin       |    65 |    70 |    48 ||   183
Dodge: Dodged            |   152 |   159 |   145 ||   456
